[Event "FIDE Womens World Cup 2021"]
[Site "Sochi"]
[Date "2021.07.12"]
[Round "1.15"]
[White "Hoang, Thanh Trang"]
[Black "Frayna, Janelle Mae"]
[Result "1-0"]
[ECO "A48"]
[WhiteElo "2404"]
[BlackElo "2179"]
[Annotator "NA"]
[PlyCount "97"]
[EventDate "2021.07.12"]
[EventType "k.o."]
[EventCountry "RUS"]
[SourceTitle "playchess.com"]
[Source "ChessBase"]
[SourceQuality "1"]
[TimeControl "40/5400+30:1800+30"]

1. d4 Nf6 2. Nf3 g6 3. Bf4 Bg7 4. e3 O-O 5. h3 d6 6. c3 c5 7. dxc5 dxc5 8. Nbd2 Nc6 9. Qc2 b6 10. Be2 Bb7 11. O-O Qd7 12. Rfd1 Rad8 13. a4 Qc8 14. Nc4 Rxd1+ 15. Rxd1 Rd8 16. Nfe5 Nxe5 17. Nxe5 Qa8 18. Bf3 Bxf3 19. Nxf3 $11 e6 20. Be5 Ne8 21. Bg3 Nf6 22. Be5 Ne8 23. Bg3 Nf6 24. Bh4 h6 25. Rd3 Rd5 26. Bxf6 Bxf6 27. e4 Rd8 28. Qd2 Kg7 29. Rxd8 Qxd8 30. Qxd8 Bxd8 31. Kf1 f5 32. Ke2 a6 33. Ne5 Bc7 34. Nc4 Kf6 35. e5+ Ke7 36. b4 cxb4 37. cxb4 b5 38. axb5 axb5 39. Na3 Bxe5 40. Nxb5 g5 41. Kd3 h5 42. Nd4 Bxd4 43. Kxd4 Kd6 44. b5 e5+ 45. Kc4 h4 46. f3 Kc7 47. Kd5 e4 48. fxe4 f4 49. Ke5 1-0

[Event "FIDE Womens World Cup 2021"]
[Site "Sochi"]
[Date "2021.07.12"]
[Round "1.16"]
[White "Wafa, Shrook"]
[Black "Unuk, Laura"]
[Result "0-1"]
[ECO "C78"]
[WhiteElo "2182"]
[BlackElo "2407"]
[Annotator "NA"]
[PlyCount "76"]
[EventDate "2021.07.12"]
[EventType "k.o."]
[EventCountry "RUS"]
[SourceTitle "playchess.com"]
[Source "ChessBase"]
[SourceQuality "1"]
[TimeControl "40/5400+30:1800+30"]

1. e4 e5 2. Nf3 Nc6 3. Bb5 a6 4. Ba4 Nf6 5. O-O b5 6. Bb3 Bc5 7. c3 d6 8. d4 Bb6 9. dxe5 Nxe5 10. Nxe5 dxe5 11. Qf3 Bg4 12. Qg3 Qe7 13. Be3 Bxe3 14. Qxe3 O-O 15. f3 Bd7 $11 16. Qg5 h6 17. Qh4 c5 18. c4 Be6 19. Nc3 bxc4 20. Bc2 Rab8 21. Rab1 Rfd8 22. f4 Bd7 23. Kh1 Bc6 24. Qe1 Rb7 25. fxe5 Qxe5 26. Rf5 Qe7 27. e5 Nd5 28. Ne4 Nb4 29. Qc3 Nxc2 30. Qxc2 Rd4 31. Nd6 Rd7 32. Rg1 Qe6 33. Rf2 Bd5 34. Nf5 Rg4 35. Ne3 Be4 36. Qxc4 Bxg2+ 37. Rfxg2 Rxc4 38. Rxg7+ Kf8 0-1

[Event "FIDE Womens World Cup 2021"]
[Site "Sochi"]
[Date "2021.07.12"]
[Round "1.17"]
[White "Zawadzka, Jolanta"]
[Black "Alboredo, Julia"]
[Result "1-0"]
[ECO "B62"]
[WhiteElo "2403"]
[BlackElo "2182"]
[Annotator "NA"]
[PlyCount "111"]
[EventDate "2021.07.12"]
[EventType "k.o."]
[EventCountry "RUS"]
[SourceTitle "playchess.com"]
[Source "ChessBase"]
[SourceQuality "1"]
[TimeControl "40/5400+30:1800+30"]

1. e4 c5 2. Nf3 Nc6 3. d4 cxd4 4. Nxd4 Nf6 5. Nc3 d6 6. Bg5 e6 7. Bb5 Bd7 8. Qd3 Be7 9. O-O-O Qc7 10. f4 $14 a6 11. Bxc6 bxc6 12. Nb3 e5 13. Rhf1 h6 14. fxe5 dxe5 15. Be3 Bg4 16. Rd2 a5 17. Nc5 Rd8 18. Qc4 Rxd2 19. Bxd2 O-O 20. h3 Bc8 21. N3a4 Nd7 22. Nb3 c5 23. Nxa5 Nb6 24. Nxb6 Qxb6 25. Qc3 Qg6 26. Qf3 f5 27. exf5 Rxf5 28. Qe2 Ba6 29. Nc4 Rxf1+ 30. Qxf1 Qe4 31. b3 Qd4 32. c3 Qd5 33. Ne3 Qc6 34. c4 Bg5 35. Qf2 e4 36. Nd5 Qg6 37. h4 Bxd2+ 38. Kxd2 Qd6 39. Qf4 Qd8 40. Qxe4 Bb7 41. Kc2 Kh8 42. a4 Qf8 43. Qf3 Qd8 44. g3 Qe8 45. Qe3 Qg6+ 46. Kb2 Bxd5 47. cxd5 Qf6+ 48. Ka2 Qg6 49. Qxc5 Qxg3 50. d6 Qg2+ 51. Ka3 Qf1 52. d7 Qa1+ 53. Kb4 Qe1+ 54. Kb5 Qe2+ 55. Kb6 Qe6+ 56. Kc7 1-0

[Event "FIDE Womens World Cup 2021"]
[Site "Sochi"]
[Date "2021.07.12"]
[Round "1.18"]
[White "Corrales Jimenez, Zenia"]
[Black "Garifullina, Leya"]
[Result "0-1"]
[ECO "B90"]
[WhiteElo "2191"]
[BlackElo "2390"]
[Annotator "NA"]
[PlyCount "78"]
[EventDate "2021.07.12"]
[EventType "k.o."]
[EventCountry "RUS"]
[SourceTitle "playchess.com"]
[Source "ChessBase"]
[SourceQuality "1"]
[TimeControl "40/5400+30:1800+30"]

1. e4 c5 2. Nf3 d6 3. d4 cxd4 4. Nxd4 Nf6 5. Nc3 a6 6. Be3 e5 7. Nf3 Be7 8. Bc4 O-O 9. O-O Be6 10. Bxe6 fxe6 11. Na4 Nxe4 12. Qd3 d5 13. Nb6 Nc6 14. Nxa8 Qxa8 15. Nd2 (15. c4 $14 Nf6 16. cxd5 exd5 17. Qb3) 15... Nc5 16. Bxc5 Bxc5 17. c4 e4 $11 18. Qh3 Qe8 19. Nb3 Ba7 20. Rad1 Qf7 21. Qg3 Qf5 22. cxd5 exd5 23. Nc1 Nd4 24. Qc7 Ne6 25. Qxb7 Bxf2+ 26. Kh1 d4 27. Qxa6 e3 28. Ne2 Qd5 29. Qa3 Rf6 30. Qb3 Qe5 31. h3 Kh8 32. Nxd4 Nxd4 33. Rxd4 g6 34. Rd8+ Kg7 35. Rd7+ Kh6 36. Qb7 e2 37. Rdd1 Bb6 38. Qa6 Bc7 39. g3 Rxa6 0-1

[Event "FIDE Womens World Cup 2021"]
[Site "Sochi"]
[Date "2021.07.12"]
[Round "1.19"]
[White "Salimova, Nurgyul"]
[Black "Aliaga Fernandez, Ingrid Y"]
[Result "1/2-1/2"]
[ECO "A05"]
[WhiteElo "2395"]
[BlackElo "2191"]
[Annotator "NA"]
[PlyCount "110"]
[EventDate "2021.07.12"]
[EventType "k.o."]
[EventCountry "RUS"]
[SourceTitle "playchess.com"]
[Source "ChessBase"]
[SourceQuality "1"]
[TimeControl "40/5400+30:1800+30"]

1. Nf3 Nf6 2. g3 d5 3. Bg2 e6 4. O-O c5 5. d4 cxd4 6. Nxd4 Be7 7. c4 dxc4 8. Qa4+ Nbd7 9. Rd1 O-O 10. Qxc4 Qa5 11. Qb5 Qc7 12. Nc3 $11 a6 13. Qb3 Nc5 14. Qc2 Bd7 15. Bg5 Rac8 16. Rac1 Qb8 17. Nb3 Rfd8 18. Nxc5 Rxc5 19. Be3 Rcc8 20. Bb6 Re8 21. Qb3 Bc6 22. Rc2 Bxg2 23. Kxg2 h6 24. Rcd2 Rc6 25. f3 Rd6 26. Bd4 Rdd8 27. Bxf6 Bxf6 28. Ne4 Be7 29. Kf1 Rxd2 30. Rxd2 b5 31. Qe3 Qc7 32. Kg2 Rc8 33. Rd3 b4 34. Qd2 Qc2 35. h4 f5 36. Nf2 Qxd2 37. Rxd2 a5 38. b3 Bf6 39. Nd3 g5 40. h5 Kf7 41. e4 Bc3 42. Re2 Kf6 43. exf5 exf5 44. g4 Bd4 45. gxf5 Kxf5 46. Ne1 Rc1 47. Nc2 Bc5 48. Ne1 Bd4 49. Nc2 Bc5 50. Ne1 Rd1 51. Nc2 Rg1+ 52. Kh2 Rd1 53. Kg2 Rg1+ 54. Kh2 Rd1 55. Kg2 Rg1+ 1/2-1/2

[Event "FIDE Womens World Cup 2021"]
[Site "Sochi"]
[Date "2021.07.12"]
[Round "1.20"]
[White "Castrillon Gomez, Melissa"]
[Black "Socko, Monika"]
[Result "1/2-1/2"]
[ECO "A40"]
[WhiteElo "2201"]
[BlackElo "2393"]
[Annotator "NA"]
[PlyCount "51"]
[EventDate "2021.07.12"]
[EventType "k.o."]
[EventCountry "RUS"]
[SourceTitle "playchess.com"]
[Source "ChessBase"]
[SourceQuality "1"]
[TimeControl "40/5400+30:1800+30"]

1. d4 Nf6 2. c4 e6 3. g3 Bb4+ 4. Bd2 c5 5. Bxb4 cxb4 6. Bg2 O-O 7. Nf3 d6 8. O-O Re8 9. a3 Nc6 10. axb4 Nxb4 11. Nc3 Bd7 12. e4 e5 13. dxe5 dxe5 14. Qd6 Nc6 15. Rfd1 Bg4 16. Qxd8 Raxd8 17. Rxd8 $11 Rxd8 18. Nd5 Bxf3 19. Bxf3 a6 20. Bg2 Kf8 21. f4 Rc8 22. Rf1 Re8 23. Nc7 Rc8 24. Nd5 Re8 25. Nc7 Rc8 26. Nd5 1/2-1/2

[Event "FIDE Womens World Cup 2021"]
[Site "Sochi"]
[Date "2021.07.12"]
[Round "1.21"]
[White "Vaishali R"]
[Black "Zhou, Qiyu"]
[Result "1-0"]
[ECO "C78"]
[WhiteElo "2393"]
[BlackElo "2229"]
[Annotator "NA"]
[PlyCount "123"]
[EventDate "2021.07.12"]
[EventType "k.o."]
[EventCountry "RUS"]
[SourceTitle "playchess.com"]
[Source "ChessBase"]
[SourceQuality "1"]
[TimeControl "40/5400+30:1800+30"]

1. e4 e5 2. Nf3 Nc6 3. Bb5 a6 4. Ba4 Nf6 5. O-O b5 6. Bb3 Bc5 7. a4 Rb8 8. c3 d6 9. d4 Bb6 10. a5 {[%emt 0:00:49] is currently scoring better than 10.axb5.} Ba7 11. Be3 Bg4 12. Nbd2 O-O 13. h3 Bh5 14. Qe1 Re8 {[%emt 0:02:15] [#]} 15. d5 $146 ({Predecessor:} 15. dxe5 dxe5 16. Nh4 Qd3 17. Bxa7 Nxa7 18. f3 c5 19. Qf2 Qd6 20. Rfd1 Qc7 21. Bd5 {1-0 (41) Hovhannisyan,R (2642)-Martirosyan,H (2622) Yerevan 2021}) 15... Bxe3 16. Qxe3 Ne7 17. c4 b4 18. c5 Nd7 19. cxd6 $16 cxd6 20. Ba4 Rb7 21. Nc4 Qb8 22. Bc6 Rc7 23. Nxd6 Rd8 24. Rac1 Nf6 25. Qb6 Bxf3 26. gxf3 Ng6 27. Qxb8 Rxb8 28. Ba4 Rxc1 29. Rxc1 Nf4 30. Rc6 Nxh3+ 31. Kf1 Ra8 32. Bb5 axb5 33. a6 Nf4 34. Rc8+ Rxc8 35. Nxc8 Ne8 36. d6 Ne6 37. a7 N8c7 38. dxc7 Nxc7 39. Nb6 Kf8 40. a8=Q+ Nxa8 41. Nxa8 Ke7 42. Nc7 Kd6 43. Na6 b3 44. Nb4 Kc5 45. Nd5 f5 46. Ke2 f4 47. Nc7 Kc4 48. Ne6 h5 49. Nf8 g5 50. Nd7 Kd4 51. Nf6 g4 52. fxg4 hxg4 53. Nxg4 Kxe4 54. f3+ Kd4 55. Nf6 Kc4 56. Ne4 Kd4 57. Nd2 b4 58. Nxb3+ Kc4 59. Nd2+ Kd4 60. Ne4 Kc4 61. Kd2 Kd4 62. b3 1-0

[Event "FIDE Womens World Cup 2021"]
[Site "Sochi"]
[Date "2021.07.12"]
[Round "1.22"]
[White "Maltsevskaya, Aleksandra"]
[Black "Ouellet, Maili-Jade"]
[Result "1-0"]
[ECO "A14"]
[WhiteElo "2382"]
[BlackElo "2257"]
[Annotator "NA"]
[PlyCount "138"]
[EventDate "2021.07.12"]
[EventType "k.o."]
[EventCountry "RUS"]
[SourceTitle "playchess.com"]
[Source "ChessBase"]
[SourceQuality "1"]
[TimeControl "40/5400+30:1800+30"]

1. c4 e6 2. g3 d5 3. Bg2 Nf6 4. Nf3 Be7 5. O-O O-O 6. Qc2 c5 7. cxd5 Nxd5 8. Nc3 Nc6 9. b3 b6 10. Nxd5 Qxd5 11. Ng5 Qxg5 12. Bxc6 Rb8 13. Be4 f5 14. d4 Qg6 15. Bf4 Bb7 16. Bxb7 Rxb7 17. Rad1 Qf7 18. dxc5 Bxc5 19. Be5 Qe7 20. Qd3 Rc8 21. Qa6 Rf8 22. Rd3 Rd7 23. Rfd1 Rxd3 24. Qxd3 Re8 25. h4 h6 26. e3 Rf8 27. Qc4 a5 28. Qd3 Qb7 29. Qc4 Re8 30. Qb5 Re7 31. Rd8+ Kf7 32. Qe2 Kg6 33. h5+ Kf7 34. Ba1 Rd7 35. Qb2 Bf8 36. Rxd7+ Qxd7 37. Qc2 Bd6 38. Bd4 b5 39. Qb2 Kg8 40. Qd2 Qc7 41. Bc3 b4 42. Bd4 Qc6 43. Qe2 Kf8 44. Qd1 Kg8 45. Bb2 Kf8 46. g4 fxg4 47. Qxg4 Qd7 48. Qf3+ Kg8 49. Qa8+ Bf8 50. Bd4 Qb5 51. Qf3 Qd3 52. Kg2 Qb5 53. Qe4 Qg5+ 54. Kf1 Qxh5 55. Qxe6+ Kh8 56. Be5 Kh7 57. Kg2 Qg5+ 58. Bg3 h5 59. Qe8 Be7 60. f4 Qd5+ 61. Kh2 Bf6 62. Bf2 Qf3 63. Kg1 h4 64. f5 Qxf5 65. Qc6 h3 66. Bg3 Qg4 67. Qc2+ Kh8 68. Kh2 Qe6 69. Qc5 Be7 1-0

[Event "FIDE Womens World Cup 2021"]
[Site "Sochi"]
[Date "2021.07.12"]
[Round "1.23"]
[White "Miranda Llanes, Yerisbel"]
[Black "Assaubayeva, Bibisara"]
[Result "0-1"]
[ECO "A41"]
[WhiteElo "2262"]
[BlackElo "2389"]
[Annotator "NA"]
[PlyCount "98"]
[EventDate "2021.07.12"]
[EventType "k.o."]
[EventCountry "RUS"]
[SourceTitle "playchess.com"]
[Source "ChessBase"]
[SourceQuality "1"]
[TimeControl "40/5400+30:1800+30"]

1. d4 d6 2. c4 e5 3. Nc3 exd4 4. Qxd4 Nc6 5. Qd2 g6 6. e4 Bh6 7. Qc2 Bg7 8. Bd3 Nge7 9. Nge2 O-O 10. O-O Nb4 11. Qd2 Nxd3 12. Qxd3 Nc6 13. b3 f5 14. exf5 Bxf5 15. Qd5+ Kh8 16. Be3 Qh4 17. Qd2 h6 18. Rad1 $14 Ne5 19. Nd4 Bd7 20. f3 Rf7 21. Nd5 c6 22. Nc7 Rc8 23. Nce6 c5 24. Nxg7 cxd4 25. Bxd4 Rxg7 26. f4 Nf7 27. Qb2 Rcg8 28. Rde1 Kh7 29. Bf6 Qg4 30. Re7 h5 31. Bxg7 Rxg7 32. Qf6 Bc6 33. g3 Qf5 34. Qd4 h4 35. Qf2 Nh6 36. Rxg7+ Kxg7 37. Re1 hxg3 38. Qxg3 Qf6 39. Re2 Nf5 40. Qd3 Qa1+ 41. Kf2 Qh1 42. Qc3+ Kg8 43. Qh3 Qc1 44. Qg4 Kf7 45. Re1 Qc3 46. h4 Qd4+ 47. Ke2 Qb2+ 48. Kd3 Qd4+ 49. Ke2 Qe3+ 0-1

[Event "FIDE Womens World Cup 2021"]
[Site "Sochi"]
[Date "2021.07.12"]
[Round "1.24"]
[White "Cori T., Deysi"]
[Black "Yakubbaeva, Nilufar"]
[Result "1/2-1/2"]
[ECO "A05"]
[WhiteElo "2388"]
[BlackElo "2273"]
[Annotator "NA"]
[PlyCount "139"]
[EventDate "2021.07.12"]
[EventType "k.o."]
[EventCountry "RUS"]
[SourceTitle "playchess.com"]
[Source "ChessBase"]
[SourceQuality "1"]
[TimeControl "40/5400+30:1800+30"]

1. Nf3 Nf6 2. g3 d5 3. Bg2 Bf5 4. O-O e6 5. d3 Be7 6. Nbd2 Nbd7 7. Re1 $11 O-O 8. e4 dxe4 9. Nxe4 c6 10. h3 Nxe4 11. dxe4 Bg6 12. Bf4 Bc5 13. c3 Re8 14. g4 Kh8 15. Bg3 e5 16. Re2 Qc7 17. b4 Be7 18. Qb3 a5 19. Rd1 a4 20. Qc2 f6 21. Nd4 Bf7 22. Nf5 Nb6 23. Qc1 Rad8 24. Bf1 Nc4 25. Ree1 g6 26. Nh6 Be6 27. g5 fxg5 28. Bxc4 Bxc4 29. Ng4 Rxd1 30. Rxd1 Bf8 31. Qxg5 Bg7 32. Nf6 Qe7 33. Bh4 Rd8 34. Rxd8+ Qxd8 35. Qxe5 h6 36. Qc5 Be6 37. e5 Bxh3 38. Kh2 Be6 39. Bg3 Bxa2 40. c4 Bb1 41. Qa7 b5 42. Qa6 bxc4 43. Qxa4 Bxf6 44. exf6 Qxf6 45. Qa8+ Kh7 46. Qb7+ Qg7 47. Qxc6 c3 48. Qd5 Bf5 49. Be5 Qe7 50. Bd6 Be4 51. Bxe7 Bxd5 52. b5 Kg7 53. Kg3 Kf7 54. Ba3 Ke6 55. Kf4 c2 56. b6 Bb7 57. Bc1 Kd5 58. Kg4 h5+ 59. Kg5 Ke4 60. f4 Kf3 61. f5 gxf5 62. Kxh5 Ke4 63. Kg5 Bc8 64. Bf4 Bb7 65. Bc1 Ke5 66. Bf4+ Ke6 67. Bd2 Be4 68. Bf4 Kd7 69. b7 Bxb7 70. Kxf5 1/2-1/2

[Event "FIDE Womens World Cup 2021"]
[Site "Sochi"]
[Date "2021.07.12"]
[Round "1.25"]
[White "Narva, Mai"]
[Black "Mammadova, Gulnar"]
[Result "0-1"]
[ECO "C29"]
[WhiteElo "2276"]
[BlackElo "2385"]
[Annotator "NA"]
[PlyCount "82"]
[EventDate "2021.07.12"]
[EventType "k.o."]
[EventCountry "RUS"]
[SourceTitle "playchess.com"]
[Source "ChessBase"]
[SourceQuality "1"]
[TimeControl "40/5400+30:1800+30"]

1. e4 e5 2. Nc3 Nf6 3. f4 d5 4. fxe5 Nxe4 5. Qf3 Nc6 6. Bb5 Nxc3 7. dxc3 Qh4+ 8. g3 Qe4+ 9. Qxe4 dxe4 10. Ne2 Bd7 11. Bf4 O-O-O 12. Bc4 Be7 $11 13. Bxf7 Bh3 14. Nd4 Nxd4 15. cxd4 Rxd4 16. Be3 Rdd8 17. Rd1 Rxd1+ 18. Kxd1 Rf8 19. e6 b6 20. Kc1 Rd8 21. Re1 Bg4 22. Bd2 Bf3 23. h4 Rd6 24. Bg8 Kd8 25. Bf4 h6 26. h5 Rc6 27. Bf7 Bd6 28. Kd2 Ke7 29. Rg1 Rc5 30. Bxd6+ cxd6 31. g4 Rg5 32. Ke3 Bxg4 33. Bg6 d5 34. c4 dxc4 35. Bxe4 Bxe6 36. Rxg5 hxg5 37. a3 Kf6 38. Kd4 g4 39. Bg6 g3 40. Ke3 Bd5 41. Ke2 Ke5 0-1

[Event "FIDE Womens World Cup 2021"]
[Site "Sochi"]
[Date "2021.07.12"]
[Round "1.26"]
[White "Brunello, Marina"]
[Black "Munkhzul, Turmunkh"]
[Result "0-1"]
[ECO "C42"]
[WhiteElo "2379"]
[BlackElo "2278"]
[Annotator "NA"]
[PlyCount "112"]
[EventDate "2021.07.12"]
[EventType "k.o."]
[EventCountry "RUS"]
[SourceTitle "playchess.com"]
[Source "ChessBase"]
[SourceQuality "1"]
[TimeControl "40/5400+30:1800+30"]

1. e4 e5 2. Nf3 Nf6 3. Nxe5 d6 4. Nf3 Nxe4 5. Nc3 Nxc3 6. dxc3 Be7 7. Be3 O-O 8. Qd2 Nd7 9. O-O-O c6 10. h4 $11 d5 11. Nd4 Ne5 12. Bg5 Re8 13. Kb1 f6 14. Bf4 Bd6 15. h5 Qc7 16. Bg3 Nf7 17. f4 Bg4 18. Rc1 Ng5 19. Bd3 Ne4 20. Bxe4 Rxe4 21. Rh4 f5 22. Nb5 Qe7 23. Nxd6 Qxd6 24. Bf2 Qxf4 25. Qxf4 Rxf4 26. Bd4 Re8 27. Bxa7 Re2 28. g3 Rf3 29. Bb8 Rff2 30. h6 g5 31. Rhh1 Bf3 32. Rhe1 Rxe1 33. Rxe1 Be4 34. Rc1 Kf7 35. a4 Kg6 36. b4 Kxh6 37. Kb2 Kg6 38. b5 cxb5 39. axb5 h5 40. Rg1 Bxc2 41. Ka3 Bd3 42. b6 Rf1 43. Rg2 Ra1+ 44. Kb4 Rb1+ 45. Kc5 Rb5+ 46. Kd4 Be4 47. Ra2 Rxb6 48. Be5 h4 49. gxh4 gxh4 50. Ra8 Kh5 51. Ke3 Rg6 52. Rb8 Kg4 53. Kd4 Kf3 54. Rxb7 Rc6 55. Bb8 Rc4+ 56. Ke5 d4 0-1

[Event "FIDE Womens World Cup 2021"]
[Site "Sochi"]
[Date "2021.07.12"]
[Round "1.27"]
[White "Ryjanova, Julia"]
[Black "Tsolakidou, Stavroula"]
[Result "1/2-1/2"]
[ECO "A06"]
[WhiteElo "2299"]
[BlackElo "2389"]
[Annotator "NA"]
[PlyCount "92"]
[EventDate "2021.07.12"]
[EventType "k.o."]
[EventCountry "RUS"]
[SourceTitle "playchess.com"]
[Source "ChessBase"]
[SourceQuality "1"]
[TimeControl "40/5400+30:1800+30"]

1. Nf3 d5 2. c4 c6 3. e3 Nf6 4. Nc3 e6 5. b3 Nbd7 6. d4 Bb4 7. Bd2 O-O 8. Qc2 Qe7 9. Be2 $11 e5 10. a3 Bd6 11. dxe5 Nxe5 12. cxd5 Nxd5 13. Nxd5 cxd5 14. Nxe5 Bxe5 15. Bb4 Qf6 16. Rc1 Bf5 17. Qd2 Rfd8 18. O-O d4 19. Bf3 dxe3 20. Qxe3 Rd3 21. Qe2 Re8 22. g3 Rdd8 23. Rfe1 Bd3 24. Qe3 Bb5 25. Rcd1 Bd4 26. Qf4 Qxf4 27. gxf4 Bb6 28. Rxd8 Rxd8 29. Bxb7 a5 30. Bc3 Rd3 31. Ba6 Rxc3 32. Bxb5 g6 33. Ba4 Rf3 34. Re2 Rxf4 35. Bc6 Bc5 36. a4 Rg4+ 37. Kf1 Rd4 38. Bb5 Rf4 39. Bc4 Kg7 40. Kg2 g5 41. f3 h6 42. Re5 Bb4 43. Rd5 Kg6 44. Rd7 h5 45. h3 Kg7 46. Rb7 Bc3 1/2-1/2

[Event "FIDE Womens World Cup 2021"]
[Site "Sochi"]
[Date "2021.07.12"]
[Round "1.28"]
[White "Padmini, Rout"]
[Black "Fataliyeva, Ulviyya"]
[Result "1-0"]
[ECO "B12"]
[WhiteElo "2370"]
[BlackElo "2253"]
[Annotator "NA"]
[PlyCount "71"]
[EventDate "2021.07.12"]
[EventType "k.o."]
[EventCountry "RUS"]
[SourceTitle "playchess.com"]
[Source "ChessBase"]
[SourceQuality "1"]
[TimeControl "40/5400+30:1800+30"]

1. e4 c6 2. d4 d5 3. e5 Bf5 4. Nd2 e6 5. Nb3 Nd7 6. Nf3 h6 7. Be2 a6 8. O-O c5 9. Be3 c4 10. Nbd2 b5 11. c3 Nb6 12. Ne1 $11 Ne7 13. f4 Bh7 14. Ndf3 Be4 15. Qc1 Rc8 16. Bf2 Qd7 17. Bd1 a5 18. a3 b4 19. axb4 axb4 20. Bc2 Bxf3 21. Nxf3 b3 22. Bb1 g6 23. g4 h5 24. h3 Bh6 25. Bh4 Ra8 26. Rxa8+ Nxa8 27. Bf6 Rg8 28. gxh5 gxh5+ 29. Ng5 Ng6 30. Kh1 Nb6 31. Qd1 h4 32. Qh5 Bxg5 33. fxg5 Na4 34. Qh7 Kf8 35. Bxg6 Rxg6 36. Qh8+ 1-0

[Event "FIDE Womens World Cup 2021"]
[Site "Sochi"]
[Date "2021.07.12"]
[Round "1.29"]
[White "Mamedjarova, Turkan"]
[Black "Ordaz Valdes, Lisandra Teresa"]
[Result "1/2-1/2"]
[ECO "A06"]
[WhiteElo "2309"]
[BlackElo "2369"]
[Annotator "NA"]
[PlyCount "88"]
[EventDate "2021.07.12"]
[EventType "k.o."]
[EventCountry "RUS"]
[SourceTitle "playchess.com"]
[Source "ChessBase"]
[SourceQuality "1"]
[TimeControl "40/5400+30:1800+30"]

1. Nf3 d5 2. g3 Nf6 3. Bg2 e6 4. O-O c5 5. d3 Nc6 6. Nbd2 Be7 7. e4 Qc7 8. Re1 b6 9. Qe2 Bb7 10. e5 $11 Nd7 11. Nf1 h6 12. h4 O-O-O 13. c3 Kb8 14. d4 Rhg8 15. h5 g6 16. hxg6 Rxg6 17. Bf4 c4 18. Ne3 Na5 19. Nd2 Bg5 20. Bxg5 hxg5 21. Ng4 Rh8 22. Qf3 Rg7 23. Kf1 Nc6 24. Ke2 Rf8 25. Rh1 f5 26. exf6 Rgf7 27. Rh6 e5 28. Rah1 exd4 29. Rh8 Nce5 30. Nxe5 Qxe5+ 31. Kd1 Rxf6 32. Qg4 Rxf2 33. Rxf8+ Nxf8 34. Re1 Qd6 35. Re8+ Kc7 36. Bh3 Nd7 37. Qxg5 dxc3 38. Qd8+ Kc6 39. Re6 Rxd2+ 40. Ke1 Qxe6+ 41. Bxe6 Ne5 42. bxc3 Nf3+ 43. Kf1 Nh2+ 44. Ke1 Nf3+ 1/2-1/2

[Event "FIDE Womens World Cup 2021"]
[Site "Sochi"]
[Date "2021.07.12"]
[Round "1.30"]
[White "Kulon, Klaudia"]
[Black "Yu, Jennifer"]
[Result "1/2-1/2"]
[ECO "B26"]
[WhiteElo "2363"]
[BlackElo "2289"]
[Annotator "NA"]
[PlyCount "139"]
[EventDate "2021.07.12"]
[EventType "k.o."]
[EventCountry "RUS"]
[SourceTitle "playchess.com"]
[Source "ChessBase"]
[SourceQuality "1"]
[TimeControl "40/5400+30:1800+30"]

1. e4 c5 2. Nc3 Nc6 3. g3 g6 4. Bg2 Bg7 5. d3 d6 6. Be3 Rb8 7. Qd2 b5 8. Nge2 Nd4 9. O-O b4 10. Nd1 e5 11. Nc1 Ne7 12. c3 bxc3 13. bxc3 Ne6 14. f4 exf4 15. gxf4 f5 16. Ne2 O-O $17 17. Bf2 Ba6 18. Bh4 Qd7 19. Ne3 fxe4 20. Bxe4 d5 21. Bxe7 dxe4 22. Bxf8 Rxf8 23. Rad1 exd3 24. c4 Nd4 25. Ng3 Bb7 26. Qxd3 Nf3+ 27. Rxf3 Qxd3 28. Rxd3 Bxf3 29. Nef5 Bg4 30. Nxg7 Kxg7 31. Rd5 Rxf4 32. Rxc5 Be6 33. Rc7+ Rf7 34. Rc6 Bh3 35. Rd6 Rf4 36. c5 h5 37. Rd1 Rc4 38. Rd5 Rc2 39. Rd3 Rxc5 40. Ra3 a5 41. Ne4 Rc1+ 42. Kf2 Rc2+ 43. Kg3 Bf1 44. h3 h4+ 45. Kf4 Bg2 46. Rxa5 Rc4 47. Re5 Ra4 48. Re8 Kf7 49. Re5 Kf8 50. Re6 Kg7 51. Re8 Rxa2 52. Ng5 Ra4+ 53. Ke5 Ra5+ 54. Kf4 Bd5 55. Rd8 Ra4+ 56. Ke5 Bb3 57. Ne4 Ra5+ 58. Kf4 Be6 59. Ng5 Bf5 60. Rb8 Ra4+ 61. Ke5 Ra3 62. Kf4 Ra7 63. Nf3 Kf6 64. Rb6+ Be6 65. Nd4 g5+ 66. Ke4 Re7 67. Nf5 Ra7 68. Nd4 Re7 69. Nf5 Ra7 70. Nd4 1/2-1/2

[Event "FIDE Womens World Cup 2021"]
[Site "Sochi"]
[Date "2021.07.12"]
[Round "1.31"]
[White "Alinasab, Mobina"]
[Black "Yildiz Kadioglu, Betul Cemre"]
[Result "0-1"]
[ECO "C54"]
[WhiteElo "2317"]
[BlackElo "2362"]
[Annotator "NA"]
[PlyCount "52"]
[EventDate "2021.07.12"]
[EventType "k.o."]
[EventCountry "RUS"]
[SourceTitle "playchess.com"]
[Source "ChessBase"]
[SourceQuality "1"]
[TimeControl "40/5400+30:1800+30"]

1. e4 e5 2. Nf3 Nc6 3. Bc4 Bc5 4. c3 Nf6 5. d4 exd4 6. e5 d5 7. Bb5 Ne4 8. cxd4 Bb6 9. Nc3 O-O 10. Be3 Bg4 11. h3 Bh5 12. Qc2 Ba5 13. O-O Bxf3 14. gxf3 Ng5 15. Kg2 Bxc3 16. Qxc3 Ne6 17. Bxc6 bxc6 18. Qxc6 Rb8 19. Qc3 c5 20. Rfd1 cxd4 21. Bxd4 Nf4+ 22. Kf1 Qd7 23. Qa3 Rfc8 24. Bc3 Qxh3+ 25. Ke1 Qxf3 26. Qa6 Rc4 0-1

[Event "FIDE Womens World Cup 2021"]
[Site "Sochi"]
[Date "2021.07.12"]
[Round "1.32"]
[White "Aulia, Medina Warda"]
[Black "Schneider, Jana"]
[Result "1-0"]
[ECO "C50"]
[WhiteElo "2360"]
[BlackElo "2353"]
[Annotator "NA"]
[PlyCount "107"]
[EventDate "2021.07.12"]
[EventType "k.o."]
[EventCountry "RUS"]
[SourceTitle "playchess.com"]
[Source "ChessBase"]
[SourceQuality "1"]
[TimeControl "40/5400+30:1800+30"]

1. e4 e5 2. Nf3 Nc6 3. Bc4 Bc5 4. O-O Nf6 $11 5. d3 d6 6. c3 a6 7. Bb3 Ba7 8. Nbd2 O-O 9. Re1 Ng4 10. Re2 Kh8 11. h3 Nh6 12. Nf1 f5 13. d4 fxe4 14. Rxe4 Qf6 15. Ng3 Nf5 16. Bg5 Qg6 17. Rg4 Qe8 18. Bc2 Nxg3 19. Rxg3 Bf5 20. Bxf5 Rxf5 21. Be3 exd4 22. cxd4 Ne7 23. Qd3 Qb5 24. Qe4 Ng6 25. Ne5 Ne7 26. Nf3 Ng6 27. Rc1 Re8 28. Qc2 c6 29. Ne5 Ne7 30. Nf3 Ref8 31. Re1 Nd5 32. Bh6 g6 33. Bxf8 Rxf8 34. Qe4 Qxb2 35. Qh4 Qc2 36. Re4 Qc1+ 37. Kh2 Bb6 38. Ng5 Nf6 39. Re7 h5 40. Ne6 Qh6 41. Nxf8 Qxf8 42. Re6 Bd8 43. Qf4 Kg7 44. Rf3 Be7 45. Qe3 Bd8 46. Kg1 d5 47. Qe5 h4 48. g4 hxg3 49. fxg3 Qf7 50. g4 g5 51. h4 gxh4 52. g5 Qg6 53. Rexf6 Bxf6 54. Rxf6 1-0

[Event "FIDE Womens World Cup 2021"]
[Site "Sochi"]
[Date "2021.07.12"]
[Round "1.33"]
[White "Afonasieva, Anna"]
[Black "Peng, Zhaoqin"]
[Result "0-1"]
[ECO "D00"]
[WhiteElo "2243"]
[BlackElo "2358"]
[Annotator "NA"]
[PlyCount "100"]
[EventDate "2021.07.12"]
[EventType "k.o."]
[EventCountry "RUS"]
[SourceTitle "playchess.com"]
[Source "ChessBase"]
[SourceQuality "1"]
[TimeControl "40/5400+30:1800+30"]

1. d4 d5 2. Bf4 e6 3. e3 Nf6 4. Nd2 Bd6 5. Bg3 O-O 6. Ngf3 c5 7. c3 Qc7 8. dxc5 Bxg3 9. hxg3 Qxc5 10. Bd3 h6 11. Qe2 Nc6 12. Rd1 Qb6 13. Nb3 e5 14. e4 Bg4 15. O-O Rae8 16. Rfe1 Kh8 17. exd5 e4 18. dxc6 exf3 19. Qd2 fxg2 20. Rxe8 Rxe8 21. Re1 Rxe1+ 22. Qxe1 Qxc6 23. Qe5 Qf3 24. Bc2 Be6 25. Nd2 Qxf2+ 26. Kxf2 Ng4+ 27. Kxg2 Nxe5 28. a4 g5 29. Kf2 Kg7 30. Ke3 f5 31. Kd4 Kf6 32. c4 h5 33. Bd1 g4 34. c5 Nc6+ 35. Ke3 Ke5 36. Be2 a5 37. Nc4+ Bxc4 38. Bxc4 Nb4 39. Bb5 Nd5+ 40. Kf2 f4 41. gxf4+ Kxf4 42. Bd7 Nb4 43. Ke2 Na6 44. c6 bxc6 45. Bxc6 Nc5 46. Kf1 Kg3 47. Kg1 h4 48. Bb5 h3 49. Bc6 h2+ 50. Kh1 Nd3 0-1